 Dungeon Crawl Stone Soup version 0.28.0-53-g5a82cb258f (console) character file.

Game seed: 17045369662389615137

46 erker the Sneak (level 3, -1/21 HPs)
             Began as an Octopode Earth Elementalist on June 5, 2022.
             Slain by a jackal (2 damage)
             ... on level 2 of the Dungeon.
             The game lasted 00:06:46 (1795 turns).

erker the Sneak (Octopode Earth Elementalist)       Turns: 1795, Time: 00:06:47

Health: -1/21      AC:  1    Str:  7    XL:     3   Next: 68%
Magic:  4/6        EV: 13    Int: 19    God:
Gold:   84         SH:  0    Dex: 12    Spells: 3/6 levels left

rFire   + . .      SeeInvis .   a - +0 dagger
rCold   . . .      Faith    .   (no shield)
rNeg    . . .      Spirit   .   (helmet restricted)
rPois   .          Reflect  .   (no amulet)
rElec   .          Harm     .   c - ring of protection from fire
rCorr   .          Rampage  .   (no ring)
Will    .....                   (no ring)
Stlth   +++.......              (no ring)
HPRegen 0.07/turn               (no ring)
MPRegen 0.10/turn               (no ring)
                                (no ring)
                                (no ring)

@: lethally poisoned (-1 -> -9), very slightly contaminated
A: almost no armour, amphibious, 8 rings, camouflage 1, gelatinous body 1,
(nimble swimmer 1), tentacles
a: no special abilities


You were on level 2 of the Dungeon.
You visited 1 branch of the dungeon, and saw 2 of its levels.

You collected 84 gold pieces.

Inventory:

Hand Weapons
 a - a +0 dagger (weapon)
Missiles
 b - 81 stones
Jewellery
 c - a ring of protection from fire (left tentacle)
Scrolls
 e - a scroll of noise {unknown}
 f - a scroll of blinking {unknown}
 g - a scroll of acquirement {unknown}
 h - 4 scrolls of identify {unknown}
Potions
 d - a potion of brilliance {unknown}


   Skills:
 + Level 0.5 Short Blades
 - Level 2.0 Dodging
 - Level 4.0 Stealth
 - Level 2.0 Spellcasting
 + Level 2.6 Transmutations
 - Level 3.0 Earth Magic


You had 3 spell levels left.
You knew the following spells:

 Your Spells              Type           Power      Damage    Failure   Level
a - Sandblast             Erth           26%        2d8       4%          1
w - Passwall              Tmut/Erth      10%        N/A       9%          2

Your spell library contained the following spells:

 Spells                   Type           Power      Damage    Failure   Level
 Stone Arrow              Conj/Erth      14%        3d7       26%         3
 Ignite Poison            Fire/Tmut/Pois 5%         N/A       34%         3
 Conjure Flame            Conj/Fire      1%         6-21      45%         3
 Petrify                  Tmut/Erth      12%        N/A       47%         4
 Sticky Flame             Conj/Fire      1%         2d3       86%         4


Dungeon Overview and Level Annotations

Branches:
Dungeon (2/15)

Altars:


Innate Abilities, Weirdness & Mutations

You cannot wear most types of armour.
You are amphibious.
You can wear up to eight rings at the same time.
Your skin changes colour to match your surroundings (Stealth+).
Your rubbery body absorbs attacks. (AC +1, EV +1)
((You are camouflaged when in or above water. (Stealth+)))
You have tentacles for arms and can constrict up to eight enemies at once.


Message History

The kobold is wielding a +4 short sword of flaming.
The adder hisses angrily.
The adder moves out of view.
The kobold shouts!
You hear a bark!
The adder bites you.
You are poisoned.
The adder poisons you!
A jackal comes into view.
You hear a bark!
You hit the adder but do no damage. Your grab misses the adder.
You feel sick.
You hear a bark!
A jackal comes into view.
The adder bites you.
You are more poisoned.
The adder poisons you!
You feel sick. The adder barely misses you.
You feel sick.
You feel sick.
Casting: Sandblast (safe; 4% risk of failure)
Confirm with . or Enter, or press ? or * to list all spells.
Aiming: Sandblast (safe; 4% risk of failure)
Press: ? - help, Shift-Dir - straight line, f - adder
Aim: an adder (66% to hit)
The blast of sand hits the adder!
The adder is severely wounded.
You feel sick. The adder bites you.
* * * LOW HITPOINT WARNING * * *
You are more poisoned.
The adder poisons you!
Casting: Sandblast (safe; 4% risk of failure)
Confirm with . or Enter, or press ? or * to list all spells.
Aiming: Sandblast (safe; 4% risk of failure)
Press: ? - help, Shift-Dir - straight line, f/p - adder
Aim: an adder (severely wounded, 66% to hit)
You miscast Sandblast.
You are very lightly contaminated with residual magic.
Nothing appears to happen.
* * * LOW HITPOINT WARNING * * *
You feel sick. The adder barely misses you. The jackal bites you.
You die...

#....######.## #.#
#............# #.# #
#............# #.# #
#............# ##.# # h.
#............#.##.# # #.#
#...... ..... #.# #
#.h.#...h######.#####.####
#.....K.S@.†..............
#..###.########.#####.....
#...# #.# #..... ......+
... +..... #.#....# .#.##
#..... # #..... ....#
#..... #.##.. .. ...
....... #. ### ##. #.#
####### #.


You could see an adder, 2 jackals and a kobold.

Vanquished Creatures
  3 dart slugs
  2 ball pythons (D:1)
  5 endoplasms
  A giant cockroach (D:1)
  3 goblins (D:1)
  5 hobgoblins
  4 jackals (D:1)
  3 quokkas
  2 frilled lizards (D:2)
  4 kobolds (D:1)
  2 rats (D:1)
34 creatures vanquished.

Notes
Turn   | Place    | Note
-------+----------+-------------------------------------------
     0 | D:1      | erker the Octopode Earth Elementalist began the quest for
                  | the Orb.
     0 | D:1      | Reached XP level 1. HP: 11/11 MP: 3/3
    38 | D:1      | Reached skill level 3 in Stealth
   153 | D:1      | Reached XP level 2. HP: 17/17 MP: 3/5
   156 | D:1      | Learned a level 2 spell: Passwall
   213 | D:1      | Reached skill level 4 in Stealth
   929 | D:1      | Reached XP level 3. HP: 18/21 MP: 6/6
  1795 | D:2      | HP: 1/21 [poisoned by an adder]
  1795 | D:2      | Slain by a jackal

Illustrated notes

Levels and vault maps discovered:
D:1:      onia_arrival_mini_maze, layout_basic, minmay_box_of_dots
D:2:      layout_basic, minivault_26

Skill      XL: |  1  2 |
---------------+-------+-----
Stealth        | 3 4 |  4.0
Transmutations | 2 |  2.6
Short Blades   | |  0.5
Dodging        | |  2.0
Spellcasting   | |  2.0
Earth Magic    | |  3.0

Action                   || total
-------------------------++-------
Melee: Unarmed           ||     8
       Tentacles         ||    11
       Constrict         ||    10
       Dagger            ||    44
 Cast: Sandblast         ||    13
       Passwall          ||     7
 Stab: Sleeping          ||    13
       Distracted        ||     1
Armor: Skin              ||     2
Dodge: Dodged            ||    26
